 Dungeon Crawl Stone Soup version 0.27.1-4-g1640c2035a (webtiles) character file.

Game seed: 3581513697349288586

97 Stomo444 the Ducker (level 4, -1/38 HPs)
             Began as a Ghoul Gladiator on Nov 10, 2021.
             Was an Initiate of Ru.
             Slain by an ogre (16 damage)
             ... on level 4 of the Dungeon.
             The game lasted 00:02:50 (2444 turns).

Stomo444 the Ducker (Ghoul Gladiator)               Turns: 2444, Time: 00:02:50

Health: -1/38      AC:  4    Str: 18    XL:     4   Next: 68%
Magic:  3/3        EV: 12    Int:  3    God:    Ru [......]
Gold:   104        SH:  0    Dex: 10    Spells: 3/3 levels left

rFire    + . .     SeeInvis .   a - +0 quarterstaff
rCold    + + .     Faith    .   (shield currently unavailable)
rNeg     + + +     Spirit   .   b - +0 leather armour
rPois    ∞         Reflect  .   c - +0 helmet
rElec    +         Harm     .   (no cloak)
rCorr    +         Rampage  .   (no gloves)
Will     .....                  (no boots)
Stlth    +.........             (no amulet)
HPRegen  0.00/turn              k - ring of wizardry
MPRegen  0.08/turn              (no ring)

@: brilliant, resistant, inhibited regen
A: claws 1, cold resistance 1, negative energy resistance 3, inhibited
regeneration, torment resistance 2
a: Renounce Religion


You were on level 4 of the Dungeon.
You worshipped Ru.
Ru was noncommittal.
You visited 1 branch of the dungeon, and saw 4 of its levels.

You collected 104 gold pieces.

Inventory:

Hand Weapons
 a - a +0 quarterstaff (weapon)
Missiles
 d - 3 throwing nets (quivered)
Armour
 b - a +0 leather armour (worn)
 c - a +0 helmet (worn)
Jewellery
 k - a ring of wizardry (left claw)
Scrolls
 e - 2 scrolls of vulnerability {unknown}
 g - 2 scrolls of magic mapping {unknown}
 j - a scroll of amnesia {unknown}
 l - a scroll of noise {unknown}
 m - 2 scrolls of fog {unknown}
 n - a scroll of immolation {unknown}
 o - a scroll of identify {unknown}


   Skills:
 + Level 3.1 Fighting
 + Level 3.3 Staves
 - Level 1.9 Throwing
 + Level 1.3 Armour
 + Level 3.4 Dodging


You had 3 spell levels left.
You didn't know any spells.
Your spell library contained the following spells:

 Spells                   Type           Power      Damage    Failure   Level
 Olgreb's Toxic Radiance  Pois           0%         N/A       94%         4
 Ozocubu's Refrigeration  Ice            0%         4d5       100%        7
 Ignition                 Fire           0%         3d3       100%        8


Dungeon Overview and Level Annotations

Branches:
Dungeon (4/15)             Temple (0/1) D:4

Altars:
Dithmenos
Elyvilon
Gozag
Ru
Wu Jian

Shops:
D:3 [(=


Innate Abilities, Weirdness & Mutations

You thrive by killing the living.
You are immune to poison.
You have sharp fingernails.
Your flesh is cold resistant. (rC+)
You are immune to negative energy. (rN+++)
You do not regenerate when monsters are visible.
You are immune to unholy pain and torment.


Message History

The water moccasin skeleton bites you but does no damage.
You sock the water moccasin skeleton!
The water moccasin skeleton is moderately damaged.
The water moccasin skeleton closely misses you.
You barely miss the water moccasin skeleton.
The water moccasin skeleton is moderately damaged.
The water moccasin skeleton bites you but does no damage.
The water moccasin skeleton bites you.
You barely miss the water moccasin skeleton.
The water moccasin skeleton is moderately damaged.
The water moccasin skeleton bites you.
You hit the water moccasin skeleton.
The water moccasin skeleton is moderately damaged.
You barely miss the ogre. The ogre hits you with a +0 giant club!
You are too injured to fight recklessly!
There are monsters nearby!
There are monsters nearby!
There are monsters nearby!
Unknown command.
The ogre misses you.
It was a potion of cancellation.
You feel magically purged. The ogre barely misses you.
It was a potion of brilliance.
You feel clever all of a sudden. The ogre misses you.
It was a potion of resistance.
You feel protected. The water moccasin skeleton misses you.
You sock the ogre!
The ogre is moderately wounded.
You barely miss the ogre.
The ogre is moderately wounded.
The ogre misses you.
You sock the ogre!
The ogre is heavily wounded.
The ogre hits you with a +0 giant club.
You sock the ogre!
The ogre is almost dead.
The ogre hits you with a +0 giant club!
You die...

..≈≈≈≈≈≈...≈≈≈≈≈≈.#
..≈≈≈≈≈≈≈≈≈≈≈≈≈≈≈.#
...≈≈≈≈≈≈≈≈≈≈≈≈≈..#
.....≈≈≈≈≈≈≈≈≈....#
.......≈≈≈≈≈......######
..................#....#
........##.....##......#
..#####........###.....#
.## ##..##......@OZ####
.# ............##.#
.........##....##..#
.##..... #......#.##
....... #......#.#
.##... #...†(...# .#
.....#......### ..
......?....# . #
####.#.###.#


You could see an ogre and a water moccasin skeleton.

Vanquished Creatures
  A centaur skeleton (D:4)
  2 dart slugs
  3 orcs
  2 bats (D:1)
  8 endoplasms
  2 giant cockroaches
  2 goblins (D:2)
  6 hobgoblins (D:3)
  4 jackals (D:3)
  3 quokkas
  8 ball pythons
  5 frilled lizards
  5 kobolds
  4 rats
55 creatures vanquished.

Vanquished Creatures (others)
  3 plants (D:2)
3 creatures vanquished.

Grand Total: 58 creatures vanquished

Notes
Turn   | Place    | Note
-------+----------+-------------------------------------------
     0 | D:1      | Stomo444 the Ghoul Gladiator began the quest for the Orb.
     0 | D:1      | Reached XP level 1. HP: 17/17 MP: 0/0
   286 | D:1      | Reached XP level 2. HP: 20/24 MP: 1/1
  1030 | D:2      | Reached XP level 3. HP: 30/30 MP: 2/2
  1230 | D:2      | You fall into a shaft and drop 1 floor!
  1235 | D:3      | Found Bivewu's Weapon Boutique.
  1297 | D:3      | Found Osi Mown's Jewellery Boutique.
  1471 | D:3      | Found Basynuquo's Antique Armour Shop.
  1553 | D:3      | Found a sacrificial altar of Ru.
  1578 | D:3      | Found an ornate altar of the Wu Jian Council.
  1580 | D:3      | Found an opulent altar of Gozag.
  1595 | D:3      | Became a worshipper of Ru the Awakened
  1658 | D:3      | Reached skill level 1 in Armour
  1658 | D:3      | Reached XP level 4. HP: 19/37 MP: 3/3
  1898 | D:3      | Found a shadowy altar of Dithmenos.
  2307 | D:4      | Found a staircase to the Ecumenical Temple.
  2419 | D:4      | Noticed an ogre
  2444 | D:4      | Slain by an ogre

Illustrated notes

Levels and vault maps discovered:
D:1:      dpeg_arrival_three_smaller_balls, layout_basic
D:2:      layout_loops_corners, serial_forest, infiniplex_forest_straight_4,
          infiniplex_forest_clump_tiny, infiniplex_forest_zigzag_2,
          infiniplex_forest_3_way, infiniplex_forest_straight_2,
          infiniplex_forest_lined_room_2, infiniplex_forest_end_double,
          infiniplex_forest_lined_3, infiniplex_forest_corner_1
D:3:      layout_loops_ring, mainiacjoe_overflow_alcove_3,
          nicolae_dithmenos_shadow_blocks, serial_shops, shop, shop_fountains,
          shop, minmay_diced_spiral
D:4:      layout_rooms, mainiacjoe_overflow_24_doors, temple_pool_b,
          gammafunk_ghost_necromancy, kennysheep_another_room,
          minmay_misc_feat_pillars

Skill      XL: |  1  2  3  4 |
---------------+-------------+-----
Dodging        | 3 |  3.4
Staves         | 3 |  3.3
Armour         | 1 |  1.3
Fighting       | 3 |  3.1
Throwing       | |  1.9

Action                   |  1- 3 |  4- 6 || total
-------------------------+-------+-------++-------
Melee: Quarterstaff      |   144 |    38 ||   182
  Use: Potion            |       |     3 ||     3
Armor: Leather armour    |    53 |    14 ||    67
Dodge: Dodged            |   113 |    26 ||   139
